Map: 环轨星港

Players

iGMacSed

  • Race: Protoss Protoss
  • League: Master

iGRushcrazy

  • Race: Protoss Protoss
  • League: Master

iGXiGua

  • Race: Zerg Zerg
  • League: Master

iGJim

  • Race: Zerg Zerg
  • League: Master

Event: GPL 2015 - Grand Finals

VOD

Have the link to the VOD?

Description

Time

  • Played on: Jan. 24, 2016, 1:16 a.m.
  • Length: 15:08

All games in this series

Show
View Real Time Build Order
Export as new Build Order

iGMacSed Protoss 

Build Orders: Nexus First 

Get SALT Encoding   

  12  0:01  Probe (Chrono Boost)  
  13  0:11  Probe (Chrono Boost)  
  14  0:21  Pylon  
  14  0:22  Probe (Chrono Boost)  
  15  0:39  Probe (Chrono Boost)  
  17  0:50  Probe (Chrono Boost)  
  17  0:57  Nexus  
  17  1:07  Gateway  
  17  1:10  Probe (Chrono Boost)  
  18  1:16  Assimilator  
  18  1:20  Probe (Chrono Boost)  
  18  1:24  Assimilator  
  19  1:31  Probe (Chrono Boost)  
  20  1:37  Gateway  
  20  1:41  Probe (Chrono Boost)  
  21  1:52  Probe (Chrono Boost)  
  22  1:54  Cybernetics Core  
  22  2:02  Probe (Chrono Boost)  
  23  2:09  Probe (Chrono Boost)  
  23  2:13  Probe (Chrono Boost)  
  25  2:20  Probe (Chrono Boost)  
  26  2:24  Probe (Chrono Boost)  
  26  2:28  Adept x2  
  27  2:31  Warp Gate  
  27  2:32  Probe (Chrono Boost)  
  27  2:36  Probe (Chrono Boost)  
  33  2:38  Pylon  
  33  2:44  Probe (Chrono Boost)  
  34  2:47  Probe (Chrono Boost)  
  35  2:54  Probe (Chrono Boost)  
  35  2:55  Sentry  
  35  2:57  Sentry  
  35  2:58  Probe (Chrono Boost)  
  41  3:00  Pylon  
  41  3:05  Probe (Chrono Boost)  
  42  3:08  Probe (Chrono Boost)  
  43  3:15  Probe (Chrono Boost)  
  43  3:19  Probe (Chrono Boost)  
  45  3:26  Probe (Chrono Boost)  
  46  3:29  Probe (Chrono Boost), Nexus  
  46  3:30  Pylon  
  47  3:38  Probe (Chrono Boost)  
  47  3:40  Mothership Core (Chrono Boost)  
  50  3:42  Adept x2  
  50  3:46  Pylon  
  54  3:49  Probe (Chrono Boost)  
  54  3:52  Assimilator  
  55  3:58  Probe (Chrono Boost)  
  55  3:59  Probe (Chrono Boost)  
  55  4:00  Assimilator  
  57  4:04  Twilight Council  
  57  4:05  Robotics Facility  
  57  4:09  Probe (Chrono Boost)  
  59  4:10  Probe (Chrono Boost)  
  59  4:19  Probe (Chrono Boost)  
  59  4:20  Probe (Chrono Boost)  
  61  4:29  Pylon  
  61  4:30  Probe (Chrono Boost)  
  61  4:31  Probe (Chrono Boost)  
  63  4:33  Adept x2  
  67  4:38  Resonating Glaives  
  67  4:40  Probe (Chrono Boost)  
  67  4:41  Probe (Chrono Boost)  
  67  4:42  Gateway  
  67  4:43  Probe (Chrono Boost)  
  67  4:44  Gateway  
  70  4:49  Observer  
  70  4:52  Probe (Chrono Boost)  
  73  4:53  Probe (Chrono Boost)  
  73  4:55  Probe (Chrono Boost)  
  73  4:59  Assimilator  
  74  5:01  Pylon  
  74  5:02  Probe (Chrono Boost)  
  74  5:03  Adept x2  
  74  5:05  Probe (Chrono Boost)  
  81  5:07  Probe (Chrono Boost)  
  81  5:08  Observer  
  81  5:13  Probe (Chrono Boost)  
  83  5:15  Pylon  
  83  5:17  Probe (Chrono Boost)  
  83  5:19  Probe (Chrono Boost)  
  85  5:24  Probe (Chrono Boost)  
  87  5:28  Stargate  
  87  5:29  Probe (Chrono Boost)  
  87  5:30  Stargate, Pylon  
  87  5:31  Probe (Chrono Boost)  
  87  5:33  Adept  
  87  5:34  Adept  
  92  5:36  Probe (Chrono Boost)  
  92  5:41  Immortal  
  92  5:42  Probe (Chrono Boost)  
  95  5:45  Assimilator, Pylon  
  99  5:51  Robotics Facility  
  98  5:57  Gateway  
  98  5:58  Gateway  
  98  6:00  Forge  
  98  6:07  Charge  
  98  6:09  Phoenix  
  98  6:10  Phoenix  
  98  6:11  Pylon  
  98  6:16  Immortal  
  102  6:19  Protoss Ground Weapons Level 1  
  105  6:26  Gateway  
  105  6:27  Pylon  
  105  6:28  Gateway  
  105  6:31  Zealot x4  
  112  6:41  Immortal  
  112  6:44  Gateway  
  112  6:46  Gateway  
  116  6:50  Immortal  
  116  6:56  Pylon  
  116  7:00  Zealot x3  
  126  7:04  Pylon  
  126  7:07  Phoenix x2  
  130  7:17  Pylon  
  130  7:20  Immortal  
  130  7:21  Pylon  
  134  7:26  Zealot x4  
  142  7:30  Immortal  
  142  7:33  Pylon  
  142  7:36  Zealot  
  148  7:42  Templar Archives  
  148  7:47  Zealot x2  
  148  7:50  Zealot x2  
  148  7:51  Zealot  
  158  7:56  Zealot x2  
  150  7:59  Zealot  
  150  8:02  Zealot x2  
  128  8:10  Zealot x3  
  128  8:11  Zealot  
  118  8:14  Zealot  
  110  8:26  Zealot x5  
  110  8:33  Zealot x2  
  108  8:36  Probe x3 (Chrono Boost)  
  108  8:40  Phoenix  
  107  8:45  High Templar x3  
  107  8:47  High Templar x3  
  107  8:48  Immortal  
  119  8:51  Archon x2  
  121  8:59  High Templar  
  121  9:00  Zealot x3  
  129  9:03  Archon  
  129  9:09  Immortal  
  129  9:18  Zealot, High Templar x2  
  129  9:19  Protoss Ground Weapons Level 2  
  129  9:23  Archon  
  133  9:28  Immortal  
  133  9:30  Zealot x4  
  141  9:41  Zealot  
  141  9:42  Zealot x2  
  147  9:45  Warp Prism  
  147  9:51  High Templar  
  147  9:52  Zealot x3, High Templar  
  157  9:55  Zealot  
  157  9:56  Archon  
  157  9:57  Zealot  
  163  10:09  Zealot, High Templar x2  
  163  10:13  Oracle, Archon  
  168  10:23  Zealot x3  
  168  10:28  Pylon  
  172  10:29  Pylon  
  172  10:34  Observer  
  172  10:38  Pylon x2  
  172  10:39  Pylon  
  173  10:43  Observer  
  174  10:51  High Templar x2  
  174  10:52  Zealot x4  
  174  10:53  Zealot x3  
  186  10:59  Archon  
  124  11:16  Zealot x4  
  124  11:17  Zealot x2  
  116  11:25  Oracle  
  114  11:38  High Templar x2  
  114  11:39  High Templar x3  
  122  11:40  Zealot x3  
  115  11:51  Pylon  
  108  11:56  Archon x2  
  108  12:00  Zealot  
  108  12:01  Zealot x2  
  113  12:14  Zealot x4, High Templar  
  123  12:17  Pylon  
  123  12:19  Archon  
  123  12:21  Zealot  
  123  12:22  Zealot x2  
  126  12:23  Observer  
  106  12:37  High Templar x3  
  106  12:39  Zealot x2, High Templar  
  106  12:42  Zealot x3  
  124  12:50  Archon x2  
  118  12:53  Zealot  
  119  13:01  High Templar  
  119  13:02  Zealot x3, High Templar  
  129  13:06  Archon  
  129  13:09  Zealot x2  
  129  13:10  Zealot  
  135  13:30  Nexus  
  131  13:45  High Templar x4  
  139  13:49  Pylon  
  139  13:50  Archon  
  139  13:51  Archon  
  135  13:58  Zealot  
  135  14:00  Zealot x2  
  141  14:11  Zealot x2  
  141  14:13  Zealot  
  140  14:27  High Templar x4  
  140  14:28  Zealot x2  
  144  14:31  Archon x2  
  141  14:42  Zealot x2  
  103  14:46  Zealot  
  77  14:57  Zealot  
Show
View Real Time Build Order
Export as new Build Order

iGRushcrazy Protoss 

Build Orders:  

Get SALT Encoding   

  12  0:00  Drone  
  13  0:12  Overlord  
  13  0:17  Drone  
  14  0:30  Drone x2  
  14  0:35  Drone  
  17  0:51  Hatchery  
  17  0:54  Drone  
  17  0:57  Drone  
  18  1:08  Drone  
  19  1:20  Hatchery  
  19  1:23  Drone  
  19  1:28  Extractor  
  19  1:29  Drone  
  19  1:43  Spawning Pool  
  19  1:44  Drone  
  19  1:50  Drone  
  20  2:00  Drone  
  21  2:04  Drone  
  22  2:11  Drone  
  22  2:13  Overlord  
  23  2:21  Drone  
  24  2:29  Queen x2  
  28  2:34  Queen  
  30  2:38  Zergling x4  
  30  2:43  Metabolic Boost  
  32  2:46  Zergling x2  
  32  2:48  Zergling x2  
  32  2:51  Drone  
  35  2:53  Drone  
  35  2:55  Drone  
  35  2:57  Drone  
  38  3:01  Drone x2  
  40  3:07  Overlord  
  40  3:11  Queen  
  42  3:16  Overlord  
  42  3:25  Spore Crawler, Extractor  
  42  3:26  Drone x3  
  43  3:28  Drone  
  43  3:30  Drone  
  43  3:33  Drone  
  48  3:34  Overlord  
  48  3:37  Drone  
  49  3:42  Drone x4  
  49  3:43  Drone  
  49  3:46  Drone x2  
  56  3:52  Spore Crawler, Extractor  
  56  3:53  Spore Crawler  
  56  3:55  Spore Crawler  
  51  4:00  Drone x7  
  62  4:02  Extractor  
  62  4:04  Drone  
  62  4:08  Overlord x2  
  62  4:12  Lair  
  62  4:13  Drone  
  63  4:19  Roach Warren  
  63  4:21  Drone x2  
  63  4:22  Drone  
  63  4:23  Drone  
  66  4:26  Drone x2  
  68  4:33  Evolution Chamber, Extractor, Drone x4  
  71  4:38  Drone x2  
  71  4:40  Zergling x2  
  71  4:44  Zergling x8  
  77  4:45  Drone  
  77  4:49  Extractor x2  
  75  4:53  Overlord x2  
  75  4:59  Roach x3  
  80  5:00  Overlord, Zerg Missile Weapons Level 1  
  80  5:04  Overlord  
  80  5:06  Overlord  
  80  5:09  Glial Reconstitution  
  80  5:13  Extractor  
  79  5:15  Roach x2  
  79  5:16  Drone  
  79  5:17  Drone x4  
  79  5:18  Drone  
  79  5:21  Drone  
  90  5:24  Hydralisk Den  
  90  5:25  Overseer  
  90  5:27  Drone x4  
  93  5:30  Drone  
  93  5:31  Drone  
  95  5:47  Spore Crawler  
  95  5:48  Spore Crawler  
  93  5:54  Drone, Muscular Augments  
  94  5:59  Hydralisk x6  
  94  6:02  Spore Crawler  
  94  6:04  Hatchery, Hydralisk x2  
  107  6:13  Hydralisk x3  
  107  6:18  Overseer  
  112  6:34  Roach x5  
  112  6:35  Overlord x2  
  112  6:36  Overlord x2  
  122  6:45  Overlord x2  
  121  6:55  Hydralisk x3  
  121  6:57  Roach  
  121  6:58  Roach x8  
  145  7:02  Nydus Network  
  145  7:03  Overlord x3  
  145  7:08  Zerg Missile Weapons Level 2  
  144  7:11  Roach x2  
  144  7:13  Roach  
  150  7:16  Overlord x2  
  150  7:19  Overlord  
  150  7:22  Overlord  
  150  7:24  Zergling x10  
  155  7:31  Zergling x8  
  155  7:36  Lurker Den  
  159  7:39  Nydus Canal  
  159  7:42  Zergling x14  
  166  7:56  Roach  
  166  7:57  Roach x6  
  163  8:02  Nydus Canal  
  163  8:05  Roach x5  
  159  8:09  Roach x4  
  161  8:14  Roach  
  161  8:15  Roach x2  
  154  8:21  Nydus Canal  
  144  8:30  Roach x8  
  144  8:33  Hydralisk  
  146  8:38  Hydralisk x2  
  144  8:45  Hydralisk x3  
  146  8:49  Nydus Canal  
  141  8:55  Drone  
  141  8:56  Drone x6  
  141  8:58  Overseer  
  141  9:01  Hydralisk  
  145  9:07  Hydralisk x2  
  149  9:12  Nydus Canal  
  149  9:13  Hydralisk  
  151  9:20  Extractor, Drone  
  151  9:21  Extractor  
  150  9:24  Hydralisk x3  
  150  9:25  Hydralisk  
  150  9:27  Zergling x2  
  159  9:35  Lurker  
  159  9:37  Lurker  
  159  9:38  Drone  
  162  9:48  Queen  
  162  9:49  Hatchery, Overseer  
  162  9:50  Lurker  
  162  9:51  Lurker  
  165  9:57  Spore Crawler  
  165  9:59  Drone  
  165  10:03  Lurker  
  165  10:04  Lurker x2  
  168  10:07  Hydralisk  
  168  10:09  Zergling x30  
  182  10:16  Lurker x2, Spore Crawler  
  182  10:17  Spore Crawler  
  182  10:20  Spore Crawler  
  182  10:21  Lurker  
  176  10:26  Overlord  
  168  10:29  Lurker  
  168  10:30  Lurker  
  168  10:31  Drone  
  168  10:32  Drone  
  168  10:34  Spore Crawler, Drone  
  170  10:35  Spore Crawler  
  170  10:37  Spore Crawler x2  
  170  10:38  Lurker  
  168  10:45  Lurker  
  168  10:46  Lurker  
  162  11:02  Roach x15  
  192  11:07  Roach  
  192  11:08  Roach  
  192  11:09  Nydus Canal  
  184  11:17  Spore Crawler  
  176  11:19  Spore Crawler  
  176  11:20  Spore Crawler  
  176  11:24  Nydus Canal, Roach  
  176  11:25  Roach x3  
  175  11:26  Roach  
  175  11:29  Roach  
  175  11:32  Roach  
  175  11:35  Roach x2  
  175  11:37  Hydralisk  
  173  11:45  Hydralisk x2  
  175  11:48  Zerg Ground Armor Level 1  
  175  11:50  Drone x2  
  171  11:54  Drone  
  171  11:59  Nydus Canal  
  171  12:00  Hydralisk  
  174  12:02  Hydralisk  
  174  12:05  Lurker  
  173  12:12  Hydralisk x2  
  171  12:22  Hydralisk x3  
  171  12:27  Hydralisk  
  171  12:29  Roach  
  175  12:31  Hydralisk x2  
  175  12:34  Nydus Canal  
  159  12:37  Hydralisk  
  159  12:40  Lurker x2  
  161  12:50  Nydus Canal  
  157  12:52  Lurker x3  
  157  12:56  Drone x2  
  157  12:57  Drone x4  
  157  12:58  Drone  
  161  13:00  Extractor  
  161  13:01  Extractor  
  159  13:05  Lurker  
  159  13:06  Lurker x2  
  162  13:22  Infestation Pit  
  161  13:27  Hydralisk  
  161  13:28  Hydralisk x6  
  175  13:36  Hydralisk x4  
  175  13:37  Zergling x8, Hydralisk  
  187  13:48  Spore Crawler  
  187  13:51  Drone x2  
  185  14:02  Evolution Chamber  
  184  14:04  Nydus Canal  
  182  14:18  Nydus Canal  
  174  14:25  Roach x9  
  191  14:36  Roach x5  
  191  14:42  Roach  
  191  14:43  Roach x3  
  191  14:45  Ravager  
  178  14:47  Drone  
  142  15:02  Nydus Canal  
Show
View Real Time Build Order
Export as new Build Order

iGXiGua Zerg 

Build Orders:  

Get SALT Encoding   

Show
View Real Time Build Order
Export as new Build Order

iGJim Zerg 

Build Orders:  

Get SALT Encoding   

Tags
 
Add a new tag
Caveats
  • Supply blocks, unpowered buildings, or Contaminate may cause inaccurate times.
  • Supply counts are checked every 10 seconds.